 Dungeon Crawl Stone Soup version 0.31-a0-177-g4aa6249778 (webtiles) character file.

Game seed: 15994410097525798951

3556 pokeman the Thaumaturge (level 9, -5/48 HPs)
             Began as a Deep Elf Hedge Wizard on June 18, 2023.
             Was a Follower of Vehumet.
             Killed by divine providence
             ... invoked by an orc priest
              (9 damage)
             ... on level 8 of the Dungeon.
             The game lasted 00:23:18 (9457 turns).

pokeman the Thaumaturge (Deep Elf Hedge Wizard)     Turns: 9457, Time: 00:23:19

Health: -5/48      AC:  7    Str:  7    XL:     9   Next: 83%
Magic:  2/27       EV: 12    Int: 24    God:    Vehumet [*.....]
Gold:   46         SH:  0    Dex: 14    Spells: 21/32 levels left

rFire   . . .        A - +1 mace (venom)
rCold   . . .        (no shield)
rNeg    . . .        L - +1 leather armour {Will+}
rPois   .            F - +0 helmet
rElec   .            x - +0 cloak
rCorr   .            (no gloves)
SInv    .            G - +0 pair of boots
Will    ++...        c - amulet of regeneration
Stlth   ++           i - ring of willpower
HPRegen 1.08/turn    s - ring of flight
MPRegen 0.20/turn

%: no passive effects
@: lethally poisoned (-5 -> -6), flying
A: no striking features
a: Renounce Religion


You were on level 8 of the Dungeon.
You worshipped Vehumet.
Vehumet was aware of your devotion.
You visited 2 branches of the dungeon, and saw 9 of its levels.

You collected 384 gold pieces.
You spent 338 gold pieces at shops.

Inventory:

Hand Weapons
 A - a +1 mace of venom (weapon)
Missiles
 J - a throwing net
Armour
 k - a +0 buckler
 x - a +0 cloak (worn)
 F - a +0 helmet (worn)
 G - a +0 pair of boots (worn)
 L - a +1 leather armour of willpower (worn)
Jewellery
 c - an amulet of regeneration (around neck)
 i - a ring of willpower (left hand)
 s - a ring of flight (right hand)
 y - an amulet of faith
 E - an amulet of guardian spirit
 I - a ring of protection from fire
Wands
 u - a wand of flame (7)
 B - a wand of iceblast (7)
Scrolls
 e - 2 scrolls of blinking {unknown}
 f - a scroll of revelation {unknown}
 h - 4 scrolls of teleportation {unknown}
 j - 6 scrolls of identify {unknown}
 l - a scroll of enchant armour {unknown}
 n - 2 scrolls of torment {unknown}
 o - a scroll of butterflies {unknown}
 r - 2 scrolls of vulnerability {unknown}
 t - a scroll of enchant weapon {unknown}
 H - a scroll of immolation {unknown}
 K - a scroll of silence {unknown}
Potions
 a - a potion of ambrosia {unknown}
 d - 2 potions of magic
 g - a potion of resistance {unknown}
 m - a potion of heal wounds
 p - 8 potions of curing {unknown}
 q - 2 potions of mutation {unknown}
 v - 2 potions of attraction {unknown}
 w - 2 potions of enlightenment {unknown}
 z - 2 potions of degeneration {unknown}
 C - a potion of lignification {unknown}
 D - a potion of brilliance {unknown}


   Skills:
 - Level 2.1 Fighting
 + Level 2.7 Armour
 - Level 3.0 Dodging
 - Level 3.2 Stealth
 - Level 3.0 Shields
 * Level 12.0 Spellcasting
 + Level 7.4 Conjurations
 + Level 5.8 Summonings
 - Level 1.1 Translocations
 - Level 1.1 Air Magic
 + Level 1.1 Earth Magic
 - Level 1.0 Poison Magic
 - Level 1.0 Evocations


You had 21 spell levels left.
You knew the following spells:

 Your Spells              Type           Power      Damage    Failure   Level
a - Magic Dart            Conj           100%       1d8       1%          1
b - Mephitic Cloud        Conj/Pois/Air  29%        N/A       4%          3
c - Call Imp              Summ           84%        N/A       1%          2
d - Blink                 Tloc           38%        N/A       6%          2
e - Stone Arrow           Conj/Erth      70%        3d11      3%          3

Your spell library contained the following spells:

 Spells                   Type           Power      Damage    Failure   Level
 Freeze                   Ice            56%        1d7       6%          1
 Sandblast                Erth           38%        2d10      4%          1
 Dazzling Flash           Conj/Hex       64%        N/A       4%          3
 Slow                     Hex            56%        N/A       6%          1
 Cigotuvi's Dreadful Rot  Necr/Pois/Air  34%        N/A       7%          2
 Passwall                 Tmut/Erth      14%        N/A       8%          2
 Ensorcelled Hibernation  Hex/Ice        28%        N/A       10%         2
 Swiftness                Air            20%        N/A       12%         3
 Spider Form              Tmut/Pois      16%        N/A       16%         3
 Anguish                  Hex/Necr       7%         N/A       52%         4
 Silence                  Hex/Air        8%         N/A       80%         5
 Conjure Ball Lightning   Conj/Air       17%        3x3d6     85%         6
 Agony                    Necr           14%        N/A       86%         5
 Discord                  Hex            7%         N/A       100%        8
 Disjunction              Tloc           9%         N/A       100%        8


Dungeon Overview and Level Annotations

Branches:
Dungeon (8/15)             Temple (1/1) D:4
   Lair: D:8-11

Altars:
Ashenzari
Cheibriados
Dithmenos
Elyvilon
Gozag
Hepliaklqana
Makhleb
Nemelex Xobeh
Okawaru
Qazlal
Sif Muna
Trog
Uskayaw
Vehumet
Wu Jian
Xom
Yredelemnul
Zin
The Shining One

Shops:
D:4 *   D:5 (:


Message History

The water moccasin poisons you!
You feel very sick.
Unknown command.
Casting: Stone Arrow (dangerous; 3% risk of failure)
Confirm with . or Enter, or press ? or * to list all spells.
Aiming: Stone Arrow (dangerous; 3% risk of failure)
Press: ? - help, Shift-Dir - straight line, f - water moccasin
Aim: a water moccasin (57% to hit)
The stone arrow hits the water moccasin!
The water moccasin is moderately wounded.
You feel very sick.
The water moccasin bites you but does no damage.
Casting: Stone Arrow (dangerous; 3% risk of failure)
Confirm with . or Enter, or press ? or * to list all spells.
Aiming: Stone Arrow (dangerous; 3% risk of failure)
Press: ? - help, Shift-Dir - straight line, f/p - water moccasin
Aim: a water moccasin (moderately wounded, 57% to hit)
The stone arrow hits the water moccasin!
The water moccasin is almost dead.
You feel very sick. The water moccasin bites you!
* * * LOW HITPOINT WARNING * * *
The water moccasin closely misses you.
Unknown command.
Aiming: Throw Flame
Press: ? - help, Shift-Dir - straight line, f/p - water moccasin
Aim: a water moccasin (almost dead, 48% to hit)
The puff of flame hits the water moccasin!
You kill the water moccasin!
Vehumet accepts your kill.
You feel sick.
Your Earth Magic skill increases to level 1!
You feel very sick.
You feel sick.
You feel sick.
You feel sick.
You feel sick.
The orc priest calls down the wrath of Beogh upon you.
Beogh smites you!
You die...

..# ##.. ####### . ...
.....# ##.. ...###.###
##....###...
.........###.o...#...#
...###.....o.........###
....$#...#.####O........
##...o...#.## #..######
#......o##..# ##@#
..#....O.##)###..##
#..##...#......).## ...
#...oo....##..# ..
......#...$.))#.#####
......#.#...##..#.....#
.#....#....<##...)....#
##....##..[######...[#
#>#..##.### #...?#


You could see a two-headed ogre and an orc priest.

Vanquished Creatures
  Pikel (D:5)
  Sigmund (D:5)
  A basilisk (D:8)
  Edmund (D:4)
  Menkaure (D:6)
  A water moccasin (D:8)
  3 orc warriors
  A black bear (D:7)
  An ice beast (D:7)
  A sky beast (D:7)
  An ogre (D:4)
  2 centaurs
  3 phantoms
  4 lemures (D:5)
  Blork the orc (D:4)
  A bullfrog (D:4)
  5 scorpions
  An electric eel (D:7)
  2 howler monkeys
  A hound (D:5)
  2 jellies
  A gnoll bouda (D:7)
  7 orc priests
  Ijyb (D:4)
  3 iguanas
  A sleepcap (D:6)
  5 orc wizards
  9 gnolls
  An adder (D:2)
  A shadow imp (D:7)
  3 white imps
  3 ufetubi
  A dart slug (D:1)
  30 orcs
  7 ball pythons
  4 bats
  8 endoplasms
  5 giant cockroaches
  4 hobgoblins
  6 kobolds
  6 quokkas
  3 frilled lizards
  5 goblins
  4 rats
153 creatures vanquished.

Vanquished Creatures (collateral kills)
  An orc priest (D:4)
  A sleepcap (D:7)
  An orc wizard (D:6)
  A gnoll (D:2)
  2 orcs
  A ball python (D:4)
7 creatures vanquished.

Grand Total: 160 creatures vanquished

Notes
Turn   | Place    | Note
-------+----------+-------------------------------------------
     0 | D:1      | pokeman the Deep Elf Hedge Wizard began the quest for the
                  | Orb.
     0 | D:1      | Reached XP level 1. HP: 10/10 MP: 7/7
   310 | D:1      | Reached XP level 2. HP: 9/15 MP: 1/9
  1160 | D:2      | Reached skill level 5 in Spellcasting
  1228 | D:2      | Reached XP level 3. HP: 20/20 MP: 5/11
  1232 | D:2      | Learned a level 3 spell: Mephitic Cloud
  1235 | D:2      | Learned a level 2 spell: Call Imp
  1238 | D:2      | Learned a level 2 spell: Blink
  1586 | D:2      | Reached skill level 1 in Fighting
  1592 | D:2      | Reached skill level 1 in Armour
  1606 | D:2      | Reached XP level 4. HP: 8/25 MP: 2/13
  2064 | D:3      | Found a broken altar of Ashenzari.
  2236 | D:3      | Found an ornate altar of the Wu Jian Council.
  2408 | D:3      | Found a large runed translucent door.
  2408 | D:3      | Found a large runed translucent door.
  2609 | D:3      | Reached skill level 6 in Spellcasting
  2609 | D:3      | Reached XP level 5. HP: 29/29 MP: 2/15
  2815 | D:3      | Found a white marble altar of Elyvilon.
  2823 | D:3      | Found a glowing silver altar of Zin.
  2824 | D:3      | Found a glowing golden altar of the Shining One.
  3205 | D:3      | Found a basalt altar of Yredelemnul.
  3215 | D:3      | Found a stormy altar of Qazlal.
  3217 | D:3      | Reached skill level 1 in Shields
  3265 | D:4      | Found a staircase to the Ecumenical Temple.
  3276 | Temple   | Entered the Ecumenical Temple
  3696 | D:4      | Reached skill level 1 in Air Magic
  3696 | D:4      | Reached XP level 6. HP: 34/34 MP: 9/17
  3755 | D:4      | Reached skill level 7 in Spellcasting
  3928 | D:4      | Reached skill level 1 in Poison Magic
  3930 | D:4      | Noticed Blork the orc
  3947 | D:4      | Noticed Ijyb
  4319 | D:4      | Killed Ijyb
  4421 | D:4      | Killed Blork the orc
  4422 | D:4      | Reached XP level 7. HP: 31/39 MP: 12/20
  4700 | D:4      | Found Ustir's Assorted Antiques.
  4715 | D:4      | Noticed Edmund
  4876 | D:4      | Killed Edmund
  4877 | D:4      | Reached skill level 8 in Spellcasting
  5063 | D:4      | Bought a bubbling golden potion for 26 gold pieces
  5063 | D:4      | Bought a sedimented green potion for 26 gold pieces
  5063 | D:4      | Bought 2 lumpy golden potions for 52 gold pieces
  5183 | D:5      | Entered Level 5 of the Dungeon
  5199 | D:5      | Noticed Pikel
  6050 | D:5      | Noticed Sigmund
  6067 | D:5      | Killed Sigmund
  6068 | D:5      | Reached skill level 5 in Conjurations
  6068 | D:5      | Reached XP level 8. HP: 39/44 MP: 17/22
  6094 | D:5      | Reached skill level 9 in Spellcasting
  6112 | D:5      | Reached skill level 1 in Evocations
  6270 | D:5      | Found Zogod's Antique Weapon Boutique.
  6438 | D:5      | Killed Pikel
  6439 | D:5      | Reached skill level 10 in Spellcasting
  6781 | D:5      | Found Xoawkot's Book Boutique.
  7092 | D:6      | Reached XP level 9. HP: 41/48 MP: 16/25
  7343 | D:6      | Found a hazy altar of Hepliaklqana.
  7367 | D:6      | Noticed Menkaure
  7376 | D:6      | Killed Menkaure
  8150 | D:7      | Reached skill level 11 in Spellcasting
  8174 | D:7      | Reached skill level 5 in Summonings
  8209 | D:7      | Found a shimmering altar of Xom.
  8226 | D:7      | Found a radiant altar of Vehumet.
  8238 | D:7      | Became a worshipper of Vehumet
  8314 | D:7      | Found a hide-covered altar of Uskayaw.
  9124 | D:8      | Noticed a two-headed ogre
  9261 | D:5      | Bought a book of Geomancy for 234 gold pieces
  9265 | D:5      | Learned a level 3 spell: Stone Arrow
  9424 | D:8      | Reached * piety under Vehumet
  9424 | D:8      | Offered knowledge of Freeze by Vehumet.
  9435 | D:8      | Reached skill level 12 in Spellcasting
  9453 | D:8      | Reached skill level 1 in Earth Magic
  9457 | D:8      | Killed from afar by an orc priest

Illustrated notes

Levels and vault maps discovered:
D:1:      dpeg_arrival_boxorama, layout_basic
D:2:      layout_loops_ring
D:3:      layout_loops_cross, good_gods_temple_1, cheibrodos_ashenzari_chains,
          mainiacjoe_overflow_alcove_2, jmf_multi_god_temple2,
          minmay_misc_feat_cross, minmay_curled_crystal, nrook_mini_backslash
D:4:      layout_rooms, minmay_temple_entry_antechambers, serial_shops,
          nicolae_inconvenience_store, uniq_ijyb, uniq_blork_the_orc,
          uniq_edmund
D:5:      layout_loops_corners, serial_shops, nicolae_shop_crystal, shop,
          uniq_pikel, uniq_sigmund
D:6:      layout_basic, worldfamousw_hep_ancestral_shrine, nrook_loot_triangle,
          uniq_menkaure
D:7:      layout_loops_corners, nicolae_vehumet_altar_sigil,
          lemuel_crystal_altar, nicolae_uskayaw_suspiria, lightli_minifort
D:8:      layout_rooms, fedhas_altar_2, david_lair_generic, serial_glass,
          glass_columns_a, glass_columns_b, minmay_liquid_box
Temple:   nicolae_temple_bog_church

Skill      XL: |  1  2  3  4  5  6  7  8  9 |
---------------+----------------------------+-----
Spellcasting   | 5 6 7 8 10 12 | 12.0
Fighting       | 1 2 |  2.1
Armour         | 1 2 |  2.7
Conjurations   | 2 3 5 6 7 |  7.4
Dodging        | 3 |  3.0
Shields        | 1 2 3 |  3.0
Stealth        | 3 |  3.2
Air Magic      | 1 |  1.1
Poison Magic   | 1 |  1.0
Summonings     | 3 4 5 |  5.8
Evocations     | 1 |  1.0
Earth Magic    | 1 |  1.1
Translocations | |  1.1

Action                     |  1- 3 |  4- 6 |  7- 9 || total
---------------------------+-------+-------+-------++-------
  Melee: Dagger            |    23 |    60 |    12 ||    95
         Punch             |       |     2 |     2 ||     4
         Hand axe          |       |       |    21 ||    21
         Mace              |       |       |   136 ||   136
   Cast: Magic Dart        |    74 |   124 |   174 ||   372
         Mephitic Cloud    |     3 |    15 |    52 ||    70
         Call Imp          |     1 |     5 |    13 ||    19
         Blink             |       |     1 |     3 ||     4
         Stone Arrow       |       |       |     5 ||     5
  Evoke: Wand              |       |       |     1 ||     1
   Stab: Confused          |     1 |     5 |    16 ||    22
         Distracted        |       |       |     1 ||     1
 Armour: Robe              |     7 |     3 |    29 ||    39
         Leather armour    |       |       |     8 ||     8
  Dodge: Dodged            |    16 |    33 |   129 ||   178

Table legend: (Time is in decaauts)
 A = Elapsed time spent in this place.
 B = Non-inter-level travel time spent in this place.
 C = Inter-level travel time spent in this place.
 D = Time resting spent in this place.
 E = Time spent auto-exploring this place.
 F = Levels seen in this place.
 G = Mean time per level.
                   A        B        C        D        E       F      G
               +--------+--------+--------+--------+--------+-----+--------+
         Total |   9524 |   9115 |    409 |    638 |   6782 |   9 | 1058.2 |
       Dungeon |   9351 |   8962 |    389 |    638 |   6638 |   8 | 1168.9 |
        Temple |    173 |    153 |     20 |      0 |    144 |   1 |  173.0 |
               +--------+--------+--------+--------+--------+-----+--------+

Top non-repeatable levels by time:
     D:4: 1607 daAuts
     D:5: 1603 daAuts
     D:3: 1482 daAuts
     D:7: 1354 daAuts
     D:6: 1148 daAuts
     D:1: 1059 daAuts
     D:2: 1003 daAuts
  Temple: 173 daAuts
     D:8: 90 daAuts
